 Dungeon Crawl Stone Soup version 0.19.5 (webtiles) character file.

634 Jerry the Slasher (level 7, -1/62 HPs)
             Began as a Minotaur Fighter on Apr 3, 2017.
             Killed by Olgreb's Toxic Radiance
             ... invoked by Schimscham's ghost
              (4 damage)
             ... on level 6 of the Dungeon.
             The game lasted 00:13:41 (5083 turns).

Jerry the Slasher (Minotaur Fighter)                Turns: 5083, Time: 00:13:41

Health: -1/62      AC:  7    Str: 21    XL:     7   Next: 24%
Magic:  6/6        EV: 16    Int: 13    God:
Gold:   332        SH:  0    Dex: 15    Spells: 0 memorised, 6 levels left

rFire  . . .     SeeInvis .     o - -1 dagger (curse)
rCold  . . .     Gourm    .     k - +0 leather armour (curse)
rNeg   . . .     Faith    .     (no shield)
rPois  .         Spirit   .     (helmet restricted)
rElec  +         Reflect  .     A - +1 cloak
rCorr  .         Harm     .     y - +0 pair of gloves
MR     .....                    (no boots)
Stlth  +.........               v - amulet "Qaruc" {rElec Regen+ Int+2}
                                s - ring of wizardry
                                l - ring of loudness (curse)

@: confused, brilliant, agile, lethally poisoned (-1 -> -3)
A: retaliatory headbutt, horns 2
a: no special abilities


You were on level 6 of the Dungeon.
You were not hungry.

You visited 1 branch of the dungeon, and saw 6 of its levels.

You collected 332 gold pieces.

Inventory:

Hand Weapons
 a - a +0 long sword
 i - a +2 dagger of speed
 o - a cursed -1 dagger (weapon)
Armour
 b - a +0 scale mail
 c - a +0 shield
 k - a cursed +0 leather armour (worn)
 y - a +0 pair of gloves (worn)
 A - a +1 cloak (worn)
Jewellery
 l - a cursed ring of loudness (left hand)
 s - a ring of wizardry (right hand)
 v - the amulet "Qaruc" (around neck) {rElec Regen+ Int+2}
   (You found it on level 4 of the Dungeon)

   [amulet of regeneration]

   It affects your intelligence (+2).
   It insulates you from electricity.
   It increases your rate of regeneration.
 C - a cursed ring of teleportation {unknown}
Wands
 q - a wand of confusion (12/48)
Scrolls
 e - a scroll of immolation
 r - 2 scrolls of amnesia
 x - a scroll of recharging
 B - 2 scrolls of blinking
 D - 2 scrolls of magic mapping
Potions
 d - 3 potions of lignification {unknown}
 m - 3 potions of agility
 p - a potion of brilliance
 u - 2 potions of curing
Comestibles
 f - 4 bread rations
 h - 2 beef jerkies
 j - 2 chunks of flesh
 n - 3 meat rations
 t - 5 fruits
 w - a royal jelly
 z - a slice of pizza


   Skills:
 + Level 5.9 Fighting
 * Level 7.1 Long Blades
 + Level 5.9 Armour
 - Level 3.6 Shields


You had 6 spell levels left.
You didn't know any spells.

Dungeon Overview and Level Annotations

Branches:
Dungeon (6/15)
 Temple: D:4-7

Altars:
Cheibriados
Elyvilon
Gozag
Kikubaaqudgha
Ru
Trog
Zin

Annotations:
D:6 Schimscham's ghost, novice NaVM


Innate Abilities, Weirdness & Mutations

You reflexively headbutt those who attack you in melee.
You have a pair of horns on your head.


Message History

You are more poisoned.
Schimscham's ghost hits you but does no damage.
You feel sick.
* * * LOW HITPOINT WARNING * * *
You are more poisoned.
Schimscham's ghost gestures at you while chanting.
The ball explodes into a vile cloud!
The stinking cloud engulfs you!
The stinking cloud engulfs the black bear.
The stinking cloud engulfs Schimscham's ghost.
Schimscham's ghost appears unharmed.
You are engulfed in noxious fumes.
You choke on the stench!
You are confused.
* * * LOW HITPOINT WARNING * * *
You feel sick.
* * * LOW HITPOINT WARNING * * *
You are more poisoned.
You are engulfed in noxious fumes.
You choke on the stench!
You are more confused.
You feel sick.
You die...

... ... #.#
#.# #.#
##'##
##§.§##
##.§hW.##
##..@§§..##
#.........#
+.........+
#.........#
##.......##
##....÷##
##...#####
#.......#
#..####.#


You could see a black bear and Schimscham's ghost.

Vanquished Creatures
  Purgy (D:4)
  A scorpion (D:5)
  A howler monkey (D:6)
  A bullfrog zombie (D:5)
  4 orc priests
  3 orc wizards
  A bullfrog skeleton (D:4)
  An iguana (D:4)
  6 adders
  An ooze (D:3)
  2 worms
  3 dart slugs
  6 leopard geckos
  10 orcs
  A ball python (D:2)
  4 bats
  3 giant cockroaches
  5 goblins
  5 hobgoblins
  18 jackals
  6 kobolds
  A quokka (D:2)
  6 frilled lizards
  11 rats
  A fungus (D:3)
102 creatures vanquished.

Notes
Turn   | Place    | Note
-------+----------+-------------------------------------------
     0 | D:1      | Jerry the Minotaur Fighter began the quest for the Orb.
     0 | D:1      | Reached XP level 1. HP: 19/19 MP: 0/0
   291 | D:1      | Reached XP level 2. HP: 26/27 MP: 1/1
   297 | D:1      | Reached skill level 3 in Long Blades
   796 | D:1      | Reached XP level 3. HP: 30/33 MP: 2/2
  1084 | D:2      | Found a sacrificial altar of Ru.
  1149 | D:2      | Reached skill level 4 in Long Blades
  1493 | D:2      | Reached XP level 4. HP: 27/40 MP: 3/3
  1764 | D:2      | Found a bloodstained altar of Trog.
  1968 | D:2      | HP: 1/41 [orc/flail (7)]
  2546 | D:3      | Found a glowing silver altar of Zin.
  2810 | D:3      | Found an opulent altar of Gozag.
  3020 | D:3      | Found a snail-covered altar of Cheibriados.
  3020 | D:3      | Found a white marble altar of Elyvilon.
  3167 | D:3      | Found a faded altar of an unknown god.
  3167 | D:3      | Found a faded altar of an unknown god.
  3174 | D:3      | Found a faded altar of an unknown god.
  3176 | D:3      | Found an ancient bone altar of Kikubaaqudgha.
  3177 | D:3      | Found a faded altar of an unknown god.
  3316 | D:3      | Reached skill level 5 in Long Blades
  3316 | D:3      | Reached XP level 5. HP: 6/47 MP: 4/4
  3782 | D:4      | Reached skill level 5 in Fighting
  3881 | D:4      | Reached skill level 5 in Armour
  3896 | D:4      | Noticed Purgy
  3925 | D:4      | Killed Purgy
  3925 | D:4      | Reached skill level 6 in Long Blades
  3925 | D:4      | Reached XP level 6. HP: 34/56 MP: 5/5
  4175 | D:4      | Got a scintillating copper amulet
  4451 | D:4      | Identified the amulet "Qaruc" {rElec Regen+ Int+2} (You found it on level 4 of the Dungeon)
  4468 | D:5      | Entered Level 5 of the Dungeon
  4606 | D:5      | Reached XP level 7. HP: 56/62 MP: 6/6
  5039 | D:6      | Reached skill level 7 in Long Blades
  5050 | D:6      | Noticed Schimscham's ghost (novice NaVM)
  5082 | D:6      | HP: 3/62 [Schimscham's ghost/Olgreb's Toxic Radiance (4)]
  5083 | D:6      | Killed from afar by Schimscham's ghost

Skill      XL: |  1  2  3  4  5  6  7 |
---------------+----------------------+-----
Long Blades    | 3 4 5 6 7 |  7.1
Armour         | 4 5 |  5.9
Fighting       | 4 5 |  5.9
Shields        | |  3.6

Action                   |  1- 3 |  4- 6 |  7- 9 || total
-------------------------+-------+-------+-------++-------
Melee: Long sword        |    20 |       |       ||    20
       Headbutt          |    18 |    54 |     6 ||    78
       Dagger            |    84 |   261 |    34 ||   379
Evoke: Wand              |       |     3 |       ||     3
  Use: Scroll            |     4 |     3 |       ||     7
       Potion            |     1 |     1 |     5 ||     7
 Stab: Confused          |       |     2 |       ||     2
  Eat: Chunk             |     1 |    11 |     1 ||    13
Armor: Scale mail        |    27 |       |       ||    27
       Leather armour    |    22 |    56 |    11 ||    89
Dodge: Dodged            |    64 |   157 |    26 ||   247
       Rpst.: Long sword |     4 |       |       ||     4
